 Dungeon Crawl Stone Soup version 0.18.1-50-g88ac8fd (webtiles) character file.

11544 Amnesiac the Brilliant (level 11, -4/52 HPs)
             Began as a Vine Stalker Fighter on Mar 11, 2018.
             Was a High Priest of Pakellas.
             Killed themself with a badly aimed iceblast (5 damage)
             ... on level 1 of the Orcish Mines.
             The game lasted 00:27:07 (10725 turns).

Amnesiac the Brilliant (Vine Stalker Fighter)      Turns: 10725, Time: 00:27:08

Health: -4/52      AC: 14    Str: 22    XL:     11   Next: 79%
Magic:  0/22       EV:  8    Int:  8    God:    Pakellas [*****.]
Gold:   974        SH:  9    Dex: 14    Spells: 0 memorised, 10 levels left

rFire  + . .     SeeInvis .     t - +3 dagger (protect)
rCold  . . .     Gourm    .     b - +0 scale mail
rNeg   . . .     Faith    .     c - +0 shield
rPois  +         Spirit   +     Q - +0 helmet
rElec  .         Dismiss  .     K - +2 cloak
rCorr  .         Reflect  .     q - +0 pair of gloves
SustAt .         Harm     .     (no boots)
MR     +....                    (no amulet)
Stlth  ..........               G - ring of poison resistance
                                U - ring of protection from fire

@: somewhat resistant to hostile enchantments, extremely unstealthy
A: fangs 3, rugged brown scales 1, deformed body, regeneration 2, magic shield,
antimagic bite, no device heal 3, rot immunity
a: Quick Charge, Device Surge, Renounce Religion


You were on level 1 of the Orcish Mines.
You worshipped Pakellas.
Pakellas was extremely pleased with you.
You were hungry.

You visited 3 branches of the dungeon, and saw 12 of its levels.

You collected 974 gold pieces.

Inventory:

Hand Weapons
 t - a +3 dagger of protection (weapon)
Missiles
 C - 88 poisoned needles
Armour
 b - a +0 scale mail (worn)
 c - a +0 shield (worn)
 q - a +0 pair of gloves (worn)
 K - a +2 cloak (worn)
 Q - a +0 helmet (worn)
Magical Staves
 e - an uncursed staff of cold
Rods
 y - a +5 rod of shadows (13/13)
   (Pakellas gifted it to you on level 10 of the Dungeon)
Jewellery
 G - a ring of poison resistance (right hand)
 U - a ring of protection from fire (left hand)
 Y - an uncursed ring of resist corrosion
Wands
 g - a wand of paralysis (7/24)
 F - a wand of lightning (14/15)
 R - a wand of digging (21/24)
 V - a wand of iceblast (15/15)
Scrolls
 h - 5 scrolls of teleportation {!r}
 n - 14 scrolls of identify {!r}
 o - 2 scrolls of blinking {!r}
 v - 5 scrolls of fog {!r}
 x - a scroll of enchant armour {!r}
 D - 6 scrolls of remove curse {!r}
 J - 2 scrolls of enchant weapon {!r}
Potions
 d - 2 potions of might {!q}
 i - 3 potions of curing {!q}
 j - 4 potions of flight {!q}
 k - 4 potions of magic {!q}
 p - 2 potions of brilliance {!q}
 r - a potion of haste {!q, unknown}
 z - a potion of heal wounds {!q}
 B - 3 potions of lignification {!q}
 L - a potion of degeneration {!q}
 T - 3 potions of agility {!q}
 Z - a potion of ambrosia {!q}
Books
 A - a book of Flames

   Spells                             Type                      Level
   a - Flame Tongue                   Conjuration/Fire             1
   b - Throw Flame                    Conjuration/Fire             2
   c - Conjure Flame                  Conjuration/Fire             3
   d - Inner Flame                    Hexes/Fire                   3
   e - Sticky Flame                   Conjuration/Fire             4
   f - Fireball                       Conjuration/Fire             5
 I - a book of Unlife

   Spells                             Type                      Level
   a - Recall                         Summoning/Translocation      3
   b - Animate Dead                   Necromancy                   4
   c - Control Undead                 Necromancy                   4
   d - Cigotuvi's Embrace             Necromancy                   5
   e - Death Channel                  Necromancy                   6
   f - Simulacrum                     Ice/Necromancy               6
Miscellaneous
 a - a phial of floods
 w - a box of beasts
 X - a plain deck of defence {the Blade}
Comestibles
 f - 11 bread rations
 l - 3 beef jerkies
 m - 4 slices of pizza
 s - 5 meat rations
 u - 6 chunks of flesh


   Skills:
 - Level 2.6 Fighting
 - Level 8.0 Short Blades
 - Level 2.4 Armour
 - Level 2.4 Dodging
 - Level 2.6 Shields
 + Level 14.1 Evocations


You had 10 spell levels left.
You didn't know any spells.

Dungeon Overview and Level Annotations

Branches:
Dungeon (10/15)            Temple (1/1) D:6            Lair (0/8) D:8
    Orc (1/2) D:10

Altars:
Ashenzari
Cheibriados
Dithmenos
Elyvilon
Fedhas
Gozag
Kikubaaqudgha
Makhleb
Nemelex Xobeh
Okawaru
Pakellas
Qazlal
Ru
Sif Muna
Trog
Vehumet
Xom
Yredelemnul
Zin
The Shining One
Beogh

Shops:
D:8 %


Innate Abilities, Weirdness & Mutations

You have razor-sharp teeth.
You heal very quickly.
When hurt, damage is shared between your health and your magic reserves.
Your bite disrupts and absorbs the magic of your enemies.
Potions and wands cannot restore your health.
You are immune to rotting.
You are partially covered in rugged brown scales (AC +1, +3% HP).
Armour fits poorly on your strangely shaped body.


Message History

* * * LOW HITPOINT WARNING * * *
The orc no longer looks unusually strong.
The ynoxinul gestures.
The orc hits you with a war axe.
Evoke which item? (* to show all) (? for menu, Esc to quit)
Zapping:
g - a wand of paralysis (8/24)
Press: ? - help, Shift-Dir - straight line, f - orc sorcerer
Aim: an orc sorcerer, wielding a dagger and wearing a runed robe (chance to defeat MR: 55%)
The orc sorcerer suddenly stops moving!
This wand has 7 charges left.
The orc no longer looks unusually strong.
The orc warrior no longer looks unusually strong.
The ynoxinul gestures.
The orc warrior hits you but does no damage.
The helpless orc sorcerer fails to defend itself.
You impale the orc sorcerer!!
The orc sorcerer is severely wounded.
The orc closely misses you. The orc barely misses you.
The orc hits you with a mace!
* * * LOW HITPOINT WARNING * * *
The helpless orc sorcerer fails to defend itself.
You impale the orc sorcerer!!
You kill the orc sorcerer!
Pakellas accepts your kill.
You feel your power returning.
Your Evocations skill increases to level 14!
The ynoxinul disappears in a puff of smoke!
The ufetubus disappears in a puff of smoke! x2
The orange demon disappears in a puff of smoke!
The ufetubus disappears in a puff of smoke! x4
The orc warrior hits you from afar with a halberd!
* * * LOW HITPOINT WARNING * * *
You block the orc's attack. The orc hits you but does no damage.
The orc priest calls down the wrath of Beogh upon you.
Beogh smites you!
* * * LOW HITPOINT WARNING * * *
Evoke which item? (* to show all) (? for menu, Esc to quit)
Zapping:
V - a wand of iceblast (15/15)
Press: ? - help, Shift-Dir - straight line
Okay, then.
Unknown command.
The orc priest calls down the wrath of Beogh upon you.
Beogh smites you!
* * * LOW HITPOINT WARNING * * *
Drink which item? (? for menu, Esc to quit)
Okay, then.
Drink which item? (? for menu, Esc to quit)
Really quaff
k - 5 potions of magic {!q}?
Magic courses through your body.
The orc priest no longer looks unusually strong.
The orc wizard casts a spell.
The orc wizard seems to speed up.
You block the orc's attack.
The orc priest calls upon Beogh to heal the orc wizard.
The orc wizard is healed somewhat.
The orc completely misses you.
Evoke which item? (* to show all) (? for menu, Esc to quit)
Zapping:
V - a wand of iceblast (15/15)
Press: ? - help, Shift-Dir - straight line, f - orc
Aim: an orc, wielding a mace (unusually strong) That beam is likely to hit you.
Continue anyway?
The mass of ice explodes!
The iceblast engulfs the orc.
You kill the orc!
Pakellas accepts your kill.
You feel your power returning. The iceblast engulfs you!
You die...
Pakellas says: Time to find a new assistant...

...............###..#.##.#
............#...#......#.###
.............#.#...........##
.........#......#......#....#
....>.................##...###
.............................##
..............................#
.........#.......................
>.....#.#.......@o.o...#......#>.
...#...#........o)...........## .
......###.......oooo..........#
...#.## ##........o..>..........
.....# ###.......)............
####...)()...........
##..)#.#.........
#...)...#....... #..............


You could see an orc warrior, an orc priest, an orc wizard and 5 orcs.

Vanquished Creatures
  Pikel (D:7)
  A hill giant (D:10)
  An orc sorcerer (Orc:1)
  A shining eye (D:9)
  3 orc knights (Orc:1)
  A manticore (D:9)
  Joseph (D:8)
  2 trolls
  A two-headed ogre (Orc:1)
  4 yaks
  A spriggan (D:9)
  A wyvern (D:9)
  2 hungry ghosts (D:9)
  2 hippogriffs
  A soldier ant (D:5)
  A warg (Orc:1)
  2 water moccasins
  3 orc warriors
  4 slaves (D:7)
  A sky beast (D:7)
  A swamp drake (D:3)
  2 ice beasts
  A necrophage (D:6)
  A wasp (D:9)
  3 phantoms
  8 ogres
  The ghost of Amnesiac the Cutter, an amateur MfFi of Pakellas (D:5)
  3 centaurs
  A crocodile (D:9)
  A big kobold (D:10)
  7 giant frogs
  The ghost of Amnesiac the Cutter, an amateur VSFi (D:3)
  5 scorpions
  A killer bee (D:5)
  A wight (D:10)
  7 howler monkeys
  A crimson imp (D:6)
  A giant frog zombie (D:6)
  2 centaur zombies
  5 hounds
  A gnoll shaman (D:6)
  3 jellies
  18 orc wizards
  4 orc priests
  3 centaur skeletons
  4 giant frog skeletons
  4 iguanas
  11 worker ants
  A hound skeleton (D:9)
  A howler monkey zombie (D:6)
  A worker ant zombie (D:6)
  A howler monkey skeleton (D:4)
  13 gnolls
  12 adders
  3 shadow imps
  2 oozes
  6 dart slugs
  8 giant geckos
  62 orcs
  13 giant cockroaches
  5 goblins
  10 hobgoblins
  8 jackals
  5 quokkas
  13 bats
  4 giant newts
  5 kobolds
  16 rats
324 creatures vanquished.

Vanquished Creatures (others)
  A hippogriff (D:2)
  A giant gecko (D:3)
  2 orcs (D:3)
4 creatures vanquished.

Grand Total: 328 creatures vanquished

Notes
Turn   | Place    | Note
--------------------------------------------------------------
     0 | D:1      | Amnesiac the Vine Stalker Fighter began the quest for the Orb.
     0 | D:1      | Reached XP level 1. HP: 11/11 MP: 2/2
    33 | D:1      | Reached XP level 2. HP: 13/16 MP: 3/3
   201 | D:2      | Found an oddly glowing altar of Pakellas.
   201 | D:2      | Noticed an orange crystal statue
   202 | D:2      | Noticed a hippogriff
   205 | D:2      | Became a worshipper of Pakellas the Inventive
   218 | D:2      | Killed a hippogriff
   250 | D:2      | Reached skill level 1 in Evocations
   250 | D:2      | Reached XP level 3. HP: 15/19 MP: 4/4
   654 | D:1      | Reached * piety under Pakellas
   654 | D:1      | Received a gift from Pakellas
   926 | D:2      | Reached skill level 2 in Evocations
   926 | D:2      | Reached XP level 4. HP: 18/23 MP: 6/6
  1290 | D:2      | Found an iron altar of Okawaru.
  1291 | D:2      | Found a shattered altar of Ashenzari.
  1615 | D:3      | Reached skill level 3 in Evocations
  1620 | D:3      | Reached XP level 5. HP: 22/27 MP: 8/8
  1650 | D:3      | Reached ** piety under Pakellas
  1650 | D:3      | Received a gift from Pakellas
  2068 | D:3      | Found a shadowy altar of Dithmenos.
  2121 | D:3      | Noticed Amnesiac's ghost (amateur VSFi)
  2145 | D:3      | Killed Amnesiac's ghost
  2145 | D:3      | Gained mutation: You heal very quickly. [Vine Stalker growth]
  2145 | D:3      | Reached XP level 6. HP: 25/32 MP: 9/9
  2340 | D:3      | Found a roughly hewn altar of Beogh.
  2347 | D:3      | Noticed a swamp drake
  2347 | D:3      | an orc priest changed into a swamp drake
  2906 | D:4      | Reached skill level 5 in Short Blades
  3000 | D:4      | Reached XP level 7. HP: 34/35 MP: 10/10
  3036 | D:4      | Reached *** piety under Pakellas
  3036 | D:4      | Received a gift from Pakellas
  3528 | D:3      | Found a shadowy altar of Dithmenos.
  3593 | D:3      | Found a roughly hewn altar of Beogh.
  4328 | D:5      | Entered Level 5 of the Dungeon
  4502 | D:5      | Gained mutation: You have razor-sharp teeth. [Vine Stalker growth]
  4502 | D:5      | Reached XP level 8. HP: 31/39 MP: 11/11
  4576 | D:5      | HP: 1/39 [poisoned by a water moccasin]
  4581 | D:5      | HP: 1/39 [poisoned by a water moccasin]
  4726 | D:5      | Reached **** piety under Pakellas
  4726 | D:5      | Received a gift from Pakellas
  5079 | D:5      | Reached skill level 4 in Evocations
  5087 | D:5      | Found a runed door.
  5100 | D:5      | Found a runed door.
  5364 | D:5      | Reached skill level 1 in Dodging
  5510 | D:5      | Found a deep blue altar of Sif Muna.
  5517 | D:5      | Reached skill level 5 in Evocations
  5592 | D:5      | Reached XP level 9. HP: 43/43 MP: 5/14
  5641 | D:5      | Noticed Amnesiac's ghost (amateur MfFi)
  5650 | D:5      | Killed Amnesiac's ghost
  5650 | D:5      | Reached skill level 6 in Evocations
  5902 | D:6      | Found a blossoming altar of Fedhas.
  6053 | D:6      | Found an opulent altar of Gozag.
  6070 | D:6      | Found a sparkling altar of Nemelex Xobeh.
  6236 | D:6      | Reached skill level 7 in Evocations
  6275 | D:6      | Found a glowing golden altar of the Shining One.
  6389 | D:6      | Found a staircase to the Ecumenical Temple.
  6594 | Temple   | Entered the Ecumenical Temple
  7099 | D:7      | Reached skill level 8 in Evocations
  7393 | D:7      | Noticed Pikel
  7398 | D:7      | Killed Pikel
  7398 | D:7      | Reached skill level 9 in Evocations
  7515 | D:8      | Reached XP level 10. HP: 47/47 MP: 18/18
  7599 | D:8      | Found a staircase to the Lair.
  7806 | D:8      | Reached skill level 10 in Evocations
  8001 | D:8      | Noticed Joseph
  8006 | D:8      | Killed Joseph
  8297 | D:8      | Found Fitsusm's Food Emporium.
  8418 | D:9      | Noticed a hill giant
  8422 | D:9      | Noticed a shining eye
  8422 | D:9      | a hill giant changed into a shining eye
  8424 | D:9      | Gained mutation: You are partially covered in rugged brown scales (AC +1, +3% HP). [a shining eye]
  8426 | D:9      | Gained mutation: Armour fits poorly on your strangely shaped body. [a shining eye]
  8428 | D:9      | Killed a shining eye
  8553 | D:8      | Reached skill level 11 in Evocations
  8668 | D:9      | Noticed a manticore
  8669 | D:9      | Killed a manticore
  8827 | D:9      | Reached skill level 12 in Evocations
  8915 | D:9      | Reached XP level 11. HP: 52/52 MP: 21/21
  9318 | D:10     | Entered Level 10 of the Dungeon
  9888 | D:10     | Noticed a hill giant
  9919 | D:10     | Killed a hill giant
  9919 | D:10     | Reached skill level 13 in Evocations
  9931 | D:10     | Reached ***** piety under Pakellas
  9931 | D:10     | Received a gift from Pakellas
 10320 | D:10     | Found a staircase to the Orcish Mines.
 10589 | Orc:1    | Entered Level 1 of the Orcish Mines
 10589 | Orc:1    | Found a roughly hewn altar of Beogh.
 10590 | Orc:1    | Noticed an orc knight
 10598 | Orc:1    | Killed an orc knight
 10693 | Orc:1    | Noticed an orc knight
 10693 | Orc:1    | Noticed an orc sorcerer
 10695 | Orc:1    | Noticed an orc knight
 10702 | Orc:1    | Killed an orc knight
 10714 | Orc:1    | Killed an orc knight
 10719 | Orc:1    | Killed an orc sorcerer
 10719 | Orc:1    | Reached skill level 14 in Evocations
 10723 | Orc:1    | HP: 1/52 [orc priest/divine providence (9)]
 10725 | Orc:1    | Killed themself with a badly aimed iceblast

Skill      XL: |  1  2  3  4  5  6  7  8  9 10 11 |
---------------+----------------------------------+-----
Short Blades   | 2 3 4 5 7 8 |  8.0
Evocations     | 1 2 3 5 9 12 14 | 14.1
Dodging        | 2 |  2.4
Fighting       | |  2.6
Armour         | |  2.4
Shields        | |  2.6

Action                   |  1- 3 |  4- 6 |  7- 9 | 10-12 || total
-------------------------+-------+-------+-------+-------++-------
Melee: Rapier            |   130 |    45 |       |       ||   175
       Bite              |    28 |    57 |   177 |   171 ||   433
       Dagger            |       |   148 |   493 |   467 ||  1108
Invok: Quick Charge      |       |       |     9 |    12 ||    21
Evoke: Wand              |       |     1 |    14 |    49 ||    64
  Use: Potion            |       |     1 |       |     1 ||     2
       Scroll            |       |       |       |    23 ||    23
 Stab: Paralysed         |       |       |       |    24 ||    24
  Eat: Chunk             |       |     7 |    15 |    13 ||    35
Armor: Scale mail        |    70 |    70 |   128 |   115 ||   383
Dodge: Dodged            |    43 |    31 |    97 |    90 ||   261
Block: Shield            |    69 |    59 |   141 |   162 ||   431
